 Dungeon Crawl Stone Soup version 0.23.2-1-ga50397a (console) character file.

Game seed: 5070412330881769392

840 fly the Slasher (level 8, -3/58 HPs)
             Began as a Human Skald on Apr 27, 2019.
             Slain by an ogre
             ... wielding a +0 giant spiked club
              (29 damage)
             ... on level 5 of the Dungeon.
             The game lasted 00:10:16 (5842 turns).

fly the Slasher (Human Skald)                       Turns: 5842, Time: 00:10:16

Health: -3/58      AC:  5    Str: 11    XL:     8   Next: 19%
Magic:  5/11       EV: 21    Int: 14    God:
Gold:   209        SH:  0    Dex: 20    Spells: 4/11 levels left

rFire    . . .     SeeInvis .   a - +0 falchion
rCold    + . .     Gourm    .   (no shield)
rNeg     . . .     Faith    .   y - +2 leather armour {rC+}
rPois    .         Spirit   .   (no helmet)
rElec    .         Reflect  .   (no cloak)
rCorr    +         Harm     .   (no gloves)
MR       .....                  (no boots)
Stlth    +++.......             (no amulet)
HPRegen  0.19/turn              c - ring of resist corrosion
MPRegen  0.12/turn              (no ring)

@: agile, infused, very slightly contaminated
A: no striking features
a: no special abilities


You were on level 5 of the Dungeon.
You were near starving.

You visited 1 branch of the dungeon, and saw 5 of its levels.

You collected 209 gold pieces.

Inventory:

Hand Weapons
 a - a +0 falchion (weapon)
Armour
 y - a +2 leather armour of cold resistance (worn)
Jewellery
 c - a ring of resist corrosion (left hand)
Scrolls
 f - a scroll of noise
 g - 2 scrolls of remove curse {unknown}
 h - a scroll of enchant weapon {unknown}
 n - a scroll of immolation {unknown}
 p - 2 scrolls of teleportation
 r - 2 scrolls of blinking
Potions
 i - a potion of degeneration
 j - 7 potions of curing
 k - 2 potions of brilliance
 l - 2 potions of mutation
 m - 2 potions of flight
 o - a potion of heal wounds
Comestibles
 d - 8 rations


   Skills:
 - Level 3.3 Fighting
 - Level 6.0 Long Blades
 - Level 1.0 Armour
 - Level 6.0 Dodging
 - Level 2.0 Spellcasting
 + Level 1.0 Hexes
 - Level 3.0 Charms


You had 4 spell levels left.
You knew the following spells:

 Your Spells              Type           Power        Failure   Level  Hunger
n - Infusion              Chrm           #...         9%          1    ##.....
r - Regeneration          Chrm/Necr      #.........   45%         3    ####...
s - Song of Slaying       Chrm           #.......     14%         2    ###....
z - Confusing Touch       Hex            #.....       21%         1    ##.....

Your spell library contained the following spells:

 Spells                   Type           Power        Failure   Level  Hunger
 Shroud of Golubria       Chrm/Tloc      #.........   26%         2    ###....
 Animate Skeleton         Necr           N/A          30%         1    ##.....
 Apportation              Tloc           #.....       30%         1    ##.....
 Summon Small Mammal      Summ           #...         30%         1    ##.....
 Spectral Weapon          Hex/Chrm       #.......     38%         3    ####...


Dungeon Overview and Level Annotations

Branches:
Dungeon (5/15)
 Temple: D:4-7

Altars:

Annotations:
D:4 1 runed translucent door, Crazy Yiuf


Message History

Confirm with . or Enter, or press ? or * to list all spells.
You miscast Infusion.
Nothing appears to happen.
You hit the ogre.
The ogre is lightly wounded.
The ogre completely misses you.
Casting: Infusion (safe; 9% risk of failure)
Confirm with . or Enter, or press ? or * to list all spells.
You miscast Infusion.
Your hands glow momentarily.
Casting: Infusion (safe; 9% risk of failure)
Confirm with . or Enter, or press ? or * to list all spells.
You begin infusing your attacks with magical energy.
The ogre barely misses you.
You slash the ogre!
The ogre is heavily wounded.
The ogre closely misses you.
You hit the ogre.
The ogre is heavily wounded.
The ogre hits you with a +0 giant spiked club!!
Ouch! That really hurt!
You die...

... #...... ... #.#
#.#.#.. ...
#.#####.#.#.. ...
##............ #.#
#... .... ... #.# #..#
#.###.# #.#
#..#####....<#
#.###O###........#####
#....@....#####..# ...
........##### #..# ...
######### #..# ...
#... . . #.... ...
##.### ... #.# ... ...


You could see an ogre.

Vanquished Creatures
  An ogre (D:5)
  An ice beast (D:5)
  A phantom (D:5)
  A scorpion (D:4)
  A crimson imp (D:2)
  A bullfrog zombie (D:5)
  3 hounds
  An orc priest (D:5)
  An iguana (D:4)
  2 orc wizards
  A mummy (D:4)
  2 hound skeletons (D:4)
  3 gnolls (D:5)
  7 adders
  A shadow imp (D:5)
  An ooze (D:5)
  An adder skeleton (D:4)
  2 dart slugs
  7 leopard geckos
  12 orcs
  8 bats
  3 giant cockroaches
  8 goblins
  6 hobgoblins
  10 jackals
  6 kobolds
  A ball python skeleton (D:4)
  9 frilled lizards
  2 hobgoblin zombies (D:4)
  A jackal zombie (D:5)
  2 kobold zombies (D:4)
  A leopard gecko skeleton (D:4)
  10 rats
117 creatures vanquished.

Notes
Turn   | Place    | Note
-------+----------+-------------------------------------------
     0 | D:1      | fly the Human Skald began the quest for the Orb.
     0 | D:1      | Reached XP level 1. HP: 16/16 MP: 3/3
   183 | D:1      | Reached XP level 2. HP: 22/22 MP: 0/5
   359 | D:1      | Reached XP level 3. HP: 25/27 MP: 6/6
   939 | D:2      | Reached XP level 4. HP: 28/33 MP: 3/7
  1168 | D:2      | Reached XP level 5. HP: 37/38 MP: 8/8
  2625 | D:4      | HP: 1/38 [mummy (18)]
  3007 | D:4      | Reached XP level 6. HP: 33/44 MP: 5/9
  3017 | D:5      | Entered Level 5 of the Dungeon
  3375 | D:4      | Noticed a phantom
  4066 | D:4      | Reached skill level 5 in Long Blades
  4066 | D:4      | Reached skill level 5 in Dodging
  4383 | D:4      | Reached XP level 7. HP: 47/50 MP: 5/10
  4413 | D:4      | Found a runed translucent door.
  4414 | D:4      | Noticed Crazy Yiuf
  5687 | D:5      | Reached XP level 8. HP: 51/57 MP: 11/11
  5743 | D:5      | Learned a level 2 spell: Song of Slaying
  5745 | D:5      | Learned a level 1 spell: Confusing Touch
  5749 | D:5      | Learned a level 3 spell: Regeneration
  5773 | D:5      | Reached skill level 1 in Hexes
  5842 | D:5      | Slain by an ogre

Skill      XL: |  1  2  3  4  5  6  7  8 |
---------------+-------------------------+-----
Long Blades    | 3 4 5 6 |  6.0
Dodging        | 3 4 5 6 |  6.0
Fighting       | 3 |  3.3
Hexes          | 1 |  1.0
Armour         | |  1.0
Spellcasting   | |  2.0
Charms         | |  3.0

Action                   |  1- 3 |  4- 6 |  7- 9 || total
-------------------------+-------+-------+-------++-------
Melee: Falchion          |    89 |   266 |   142 ||   497
       Unarmed           |       |       |     7 ||     7
 Cast: Infusion          |     9 |    16 |    11 ||    36
       Confusing Touch   |       |       |     2 ||     2
  Use: Scroll            |       |       |    10 ||    10
       Potion            |       |       |     1 ||     1
 Stab: Sleeping          |     1 |     2 |       ||     3
       Confused          |       |       |     1 ||     1
  Eat: Chunk             |       |    12 |     4 ||    16
Armor: Leather armour    |    32 |    57 |    37 ||   126
Dodge: Dodged            |    64 |   185 |   110 ||   359
       Rpst.: Falchion   |    24 |    60 |    37 ||   121
